 Dungeon Crawl Stone Soup version 0.30-a0-778-g2ef04afb54 (webtiles) character file.

Game seed: 13772308443753454016

201 BubbleThief the Grave Robber (level 5, -3/37 HPs)
             Began as a Demonspawn Necromancer on Feb 15, 2023.
             Killed from afar by a white imp (12 damage)
             ... with a puff of frost
             ... on level 3 of the Dungeon.
             The game lasted 00:04:42 (2645 turns).

BubbleThief the Grave Robber (DsNe)                 Turns: 2645, Time: 00:04:43

Health: -3/37      AC:  2    Str:  9    XL:     5   Next: 50%
Magic:  5/9        EV: 12    Int: 16    God:
Gold:   39         SH:  0    Dex: 15    Spells: 9/10 levels left

rFire   . . .      SeeInvis .    c - +0 dagger
rCold   . . .      Faith    .    (no shield)
rNeg    . . .      Spirit   .    a - +0 robe
rPois   .          Reflect  .    (no helmet)
rElec   .          Harm     .    (no cloak)
rCorr   .          Rampage  .    (no gloves)
Will    .....                    (no boots)
Stlth   ++                       (no amulet)
HPRegen 0.26/turn                (no ring)
MPRegen 0.11/turn                (no ring)

@: no status effects
A: hooves 2, powered by pain 1
a: no special abilities


You were on level 3 of the Dungeon.
You visited 1 branch of the dungeon, and saw 3 of its levels.

You collected 39 gold pieces.

Inventory:

Hand Weapons
 c - a +0 dagger (weapon)
Armour
 a - a +0 robe (worn)
Jewellery
 k - an amulet of the acrobat
 l - a ring of poison resistance
Wands
 o - a wand of roots (6)
Scrolls
 j - 4 scrolls of teleportation {unknown}
 m - a scroll of fog {unknown}
 n - 2 scrolls of vulnerability {unknown}
Potions
 b - a potion of magic
 d - 2 potions of curing {unknown}
 e - a potion of heal wounds {unknown}
 f - a potion of haste {unknown}
 g - a potion of mutation {unknown}
 h - a potion of invisibility {unknown}
 i - a potion of brilliance {unknown}
 p - 2 potions of lignification {unknown}
 q - a potion of flight {unknown}


   Skills:
 + Level 1.5 Fighting
 - Level 1.7 Dodging
 - Level 1.7 Stealth
 - Level 3.0 Spellcasting
 * Level 6.6 Necromancy


You had 9 spell levels left.
You knew the following spells:

 Your Spells              Type           Power      Damage    Failure   Level
a - Necrotise             Necr           92%        1d8       1%          1

Your spell library contained the following spells:

 Spells                   Type           Power      Damage    Failure   Level
 Vampiric Draining        Necr           23%        2d7       3%          3
 Animate Dead             Necr           23%        N/A       12%         4
 Agony                    Necr           23%        N/A       32%         5
 Blade Hands              Tmut           1%         N/A       99%         5
 Irradiate                Conj/Tmut      1%         3d12      99%         5
 Dragon Form              Tmut           1%         N/A       100%        7


Dungeon Overview and Level Annotations

Branches:
Dungeon (3/15)

Altars:

Shops:
D:1 (


Innate Abilities, Weirdness & Mutations

You have hoof-like feet.
You sometimes gain a little power by taking damage.


Message History

Your jackal skeleton is destroyed!
The white imp gestures at you. The puff of frost hits you!
Aiming: Necrotise (safe; 1% risk of failure)
Press: ? - help, Q - select action, (/) - cycle Shift-Dir - straight line, f/p - jackal
Aim: a jackal (severely wounded, chance to affect: 91%)
The jackal writhes in agony.
You kill the jackal!
The dead are walking!
The white imp gestures at you. The puff of frost hits you.
Found a robe.
Your jackal skeleton bites the white imp but does no damage.
You barely miss the white imp. The white imp hits you.
The white imp freezes you.
Your jackal skeleton barely misses the white imp.
You hit the white imp. Your kick misses the white imp.
The white imp is lightly wounded.
The white imp barely misses you.
Your jackal skeleton completely misses the white imp.
You hit the white imp but do no damage. Your kick misses the white imp.
The white imp is lightly wounded.
Your jackal skeleton barely misses the white imp.
The white imp barely misses you.
You hit the white imp.
You kick the white imp, but do no damage.
The white imp is moderately wounded.
Your jackal skeleton barely misses the white imp.
The white imp barely misses you.
Your jackal skeleton closely misses the white imp.
You barely miss the white imp. You kick the white imp.
The white imp is moderately wounded.
The white imp hits you. The white imp freezes you.
* * * LOW HITPOINT WARNING * * *
Your jackal skeleton closely misses the white imp.
You hit the white imp but do no damage.
The white imp is moderately wounded.
The white imp gestures at you. The puff of frost hits you!
You die...

##....[.## .. ........
.. #......# .. #......##
.# #....(..### .#
#>........#########.#
.###..Z5.:##....>......#
.......@..#########...##
###..##.### ##.#...
.........#########..###.
.##..............#.## ##
##.###...#####....#
#.....#....####......
#####...##.......###.
#.#.. ....#.# ##
#.######......


You could see a white imp (ally target) and a friendly jackal skeleton.

Vanquished Creatures
  Natasha (thrice) (D:2)
  5 gnolls
  3 adders (D:2)
  2 worms (D:2)
  2 orcs (D:3)
  2 bats (D:1)
  2 endoplasms (D:1)
  2 giant cockroaches (D:1)
  2 goblins
  5 hobgoblins
  2 jackals (D:3)
  A quokka (D:1)
  6 ball pythons
  A frilled lizard (D:2)
  3 kobolds
  7 rats
48 creatures vanquished.

Vanquished Creatures (collateral kills)
  A giant cockroach (D:1)
  A kobold (D:1)
  A quokka (D:1)
3 creatures vanquished.

Grand Total: 51 creatures vanquished

Notes
Turn   | Place    | Note
-------+----------+-------------------------------------------
     0 | D:1      | BubbleThief the Demonspawn Necromancer began the quest for
                  | the Orb.
     0 | D:1      | Reached XP level 1. HP: 13/13 MP: 3/3
    55 | D:1      | Gained mutation: You have large cloven feet. [demonic
                  | ancestry]
    55 | D:1      | Reached XP level 2. HP: 19/19 MP: 0/5
   267 | D:1      | Reached skill level 5 in Necromancy
   406 | D:1      | Gained mutation: You have hoof-like feet. [demonic
                  | ancestry]
   406 | D:1      | Reached XP level 3. HP: 24/24 MP: 1/6
   836 | D:1      | Found Buxium's Weapon Boutique.
  1204 | D:2      | Gained mutation: You sometimes gain a little power by
                  | taking damage. [demonic ancestry]
  1204 | D:2      | Reached XP level 4. HP: 30/30 MP: 2/8
  1574 | D:2      | Reached skill level 6 in Necromancy
  1904 | D:2      | Noticed Natasha
  1907 | D:2      | Killed Natasha
  1908 | D:2      | Reached XP level 5. HP: 36/36 MP: 6/9
  2128 | D:2      | Noticed Natasha
  2143 | D:2      | Killed Natasha
  2144 | D:2      | Reached skill level 1 in Fighting
  2385 | D:2      | Noticed Natasha
  2392 | D:2      | Killed Natasha
  2645 | D:3      | Killed from afar by a white imp

Illustrated notes

Levels and vault maps discovered:
D:1:      minmay_arrival_split_and_join, layout_rooms, serial_shops,
          nicolae_shop_behind_doors
D:2:      layout_loops_ring, uniq_natasha
D:3:      layout_rooms, chequers_serial_rivers_micro_c

Skill      XL: |  1  2  3  4  5 |
---------------+----------------+-----
Necromancy     | 5 6 |  6.6
Spellcasting   | 3 |  3.0
Fighting       | 1 |  1.5
Dodging        | |  1.7
Stealth        | |  1.7

Action                     |  1- 3 |  4- 6 || total
---------------------------+-------+-------++-------
  Melee: Dagger            |    14 |    11 ||    25
         Unarmed           |     5 |       ||     5
         Kick              |     4 |     6 ||    10
   Cast: Necrotise         |    58 |    55 ||   113
 Armour: Robe              |     4 |     1 ||     5
  Dodge: Dodged            |    20 |     9 ||    29

Table legend: (Time is in decaauts)
 A = Elapsed time spent in this place.
 B = Non-inter-level travel time spent in this place.
 C = Inter-level travel time spent in this place.
 D = Time resting spent in this place.
 E = Time spent auto-exploring this place.
 F = Levels seen in this place.
 G = Mean time per level.
                   A        B        C        D        E       F      G
               +--------+--------+--------+--------+--------+-----+--------+
         Total |   2658 |   2260 |    398 |     83 |   1775 |   3 |  886.0 |
       Dungeon |   2658 |   2260 |    398 |     83 |   1775 |   3 |  886.0 |
               +--------+--------+--------+--------+--------+-----+--------+

Top non-repeatable levels by time:
     D:2: 1574 daAuts
     D:1: 964 daAuts
     D:3: 120 daAuts
